 Dungeon Sprint DCSS version 0.29-a0-340-g6efceafd81 (webtiles) character file.

Game seed: 9379889267396100546

9273 HendSelp the Peltast (level 11, 0/100 HPs)
             Began as an Octopode Fighter on Apr 19, 2022.
             Was the Champion of Wu Jian.
             Slain by a starcursed mass (10 damage)
             ... while paralysed by accursed screaming
             ... in the Dungeon (Sprint V: "Ziggurat Sprint").
             The game lasted 00:07:34 (870 turns).

HendSelp the Peltast (Octopode Fighter)              Turns: 870, Time: 00:07:35

Health: 0/100      AC:  1    Str: 28    XL:     11   Next: 43%
Magic:  20/20      EV:  2    Int: 11    God:    Wu Jian [******]
Gold:   0          SH:  0    Dex: 27    Spells: 10/10 levels left

rFire   . . .      SeeInvis +   H - +7 captain's cutlass {speed, disarm}
rCold   . . .      Faith    .   D - +18 shield of the Gong {rElec rN+ Will+ EV-5}
rNeg    + + .      Spirit   .   (helmet restricted)
rPois   +          Reflect  .   a - amulet of Vitality {Regen+ HP+15}
rElec   +          Harm     .   t - +6 ring of dexterity
rCorr   .          Rampage  .   u - +6 ring of dexterity
Will    +....      NoTele   +   C - ring of see invisible
Stlth   +++.......              F - ring of poison resistance
HPRegen 1.06/turn               G - ring "Bink" {+Blink Fly MP+9}
MPRegen 0.17/turn               x - +6 ring of strength
                                y - +6 ring of strength
                                b - ring of positive energy

@: paralysed, in a heavenly storm, flying, glowing, serpent's lash
A: almost no armour, amphibious, 8 rings, camouflage 1, gelatinous body 1,
(nimble swimmer 1), tentacles
a: Renounce Religion, Evoke Blink, Wall Jump, Serpent's Lash, Heavenly Storm


You were in the Dungeon.
You worshipped Wu Jian.
Wu Jian was exalted by your worship.
You visited 1 branch

Inventory:

Hand Weapons
 H - the +7 captain's cutlass (weapon) {speed, disarm}
   (You found it in the Dungeon)

   Attacks with this weapon are significantly faster.
   It may disarm weapon-wielding foes when striking them, dealing extra damage
   in the process.
Armour
 D - the +18 shield of the Gong (worn) {rElec rN+ Will+ EV-5}
   (You found it in the Dungeon)

   It is deafeningly noisy when blocking attacks.
   EV:        It affects your evasion (-5).
   rElec:     It insulates you from electricity.
   rN:        It protects you from negative energy.
   Will:      It increases your willpower.
Jewellery
 a - the amulet of Vitality (around mantle) {Regen+ HP+15}
   (You found it in the Dungeon)

   [amulet of regeneration]

   HP:        It affects your health (+15).
   Regen:     It increases your rate of health regeneration.
 b - a ring of positive energy (on tentacle)
 t - a +6 ring of dexterity (left tentacle)
 u - a +6 ring of dexterity (right tentacle)
 x - a +6 ring of strength (on tentacle)
 y - a +6 ring of strength (on tentacle)
 C - a ring of see invisible (on tentacle)
 F - a ring of poison resistance (on tentacle)
 G - the ring "Bink" (on tentacle) {+Blink Fly MP+9}
   (You found it in the Dungeon)

   [ring of flight]

   MP:        It affects your magic capacity (+9).
   Fly:       It grants you flight.
   +Blink:    It lets you blink.
 I - the ring "Xophoc" {Fire rElec Will+ rCorr Str+3}
   (You found it in the Dungeon)

   [ring of fire]

   It enhances your fire magic.
   Str:       It affects your strength (+3).
   rF:        It protects you from fire.
   rC:        It makes you vulnerable to cold.
   rElec:     It insulates you from electricity.
   rCorr:     It protects you from acid and corrosion.
   Will:      It increases your willpower.
 J - the amulet "Mipsast" {Reflect Harm rElec SH+5}
   (You found it in the Dungeon)

   [amulet of reflection]

   It reflects blocked missile attacks.
   rElec:     It insulates you from electricity.
   SH:        It affects your SH (+5).
   Harm:      It increases damage dealt and taken.
 K - a +4 ring of evasion
Wands
 z - a wand of mindburst (7)
 A - a wand of iceblast (7)
 B - a wand of acid (7)
Scrolls
 i - 4 scrolls of blinking
 n - 4 scrolls of amnesia
 o - 7 scrolls of fog
 p - a scroll of holy word
 q - 5 scrolls of identify
 r - 2 scrolls of fear
Potions
 c - 6 potions of might
 d - 10 potions of curing
 e - 6 potions of heal wounds
 f - 8 potions of haste
 g - 7 potions of magic
 h - 3 potions of berserk rage
 j - 2 potions of brilliance
 k - a potion of invisibility
 l - 3 potions of resistance
Miscellaneous
 m - a tin of tremorstones (1/2)
 s - a phantom mirror
 v - a box of beasts


   Skills:
 + Level 12.1 Fighting
 + Level 13.3 Short Blades
 + Level 13.0 Dodging
 - Level 13.0 Stealth
 + Level 15.0 Shields
 + Level 4.7 Evocations


You had 10 spell levels left.
You didn't know any spells.
Your spell library contained the following spells:

 Spells                   Type           Power      Damage    Failure   Level
 Frozen Ramparts          Ice            0%         1d2       88%         3
 Ignite Poison            Fire/Tmut/Pois 0%         N/A       88%         3
 Mephitic Cloud           Conj/Pois/Air  0%         N/A       88%         3
 Portal Projectile        Hex/Tloc       0%         N/A       88%         3
 Summon Guardian Golem    Hex/Summ       0%         N/A       88%         3
 Tukima's Dance           Hex            0%         N/A       88%         3
 Cause Fear               Hex            0%         N/A       99%         4
 Ice Form                 Ice/Tmut       0%         N/A       99%         4
 Summon Ice Beast         Ice/Summ       0%         N/A       99%         4
 Alistair's Intoxication  Tmut/Pois      0%         N/A       100%        5
 Blade Hands              Tmut           0%         N/A       100%        5
 Excruciating Wounds      Necr           0%         N/A       100%        5
 Irradiate                Conj/Tmut      0%         3d13      100%        5
 Yara's Violent Unravell  Hex/Tmut       0%         3d3       100%        5
 Eringya's Noxious Bog    Tmut/Pois      0%         N/A       100%        6
 Dragon Form              Tmut           0%         N/A       100%        7
 Orb of Destruction       Conj           0%         9d5       100%        7
 Spellforged Servitor     Conj/Summ      0%         N/A       100%        7
 Dragon's Call            Summ           0%         N/A       100%        9


Dungeon Overview and Level Annotations

Branches:
Dungeon (1/1)

Altars:
Ashenzari
Cheibriados
Dithmenos
Elyvilon
Fedhas
Gozag
Hepliaklqana
Kikubaaqudgha
Makhleb
Nemelex Xobeh
Okawaru
Qazlal
Ru
Sif Muna
Trog
Uskayaw
Vehumet
Wu Jian
Xom
Yredelemnul
Zin
The Shining One
Beogh
Jiyva
Lugonu

Annotations:
D 1 transporter


Innate Abilities, Weirdness & Mutations

You cannot wear most types of armour.
You are amphibious.
You can wear up to eight rings at the same time.
Your skin changes colour to match your surroundings (Stealth+).
Your rubbery body absorbs attacks. (AC +1, EV +1)
((You are camouflaged when in or above water. (Stealth+)))
You have tentacles for arms and can constrict up to eight enemies at once.


Message History

You hit the large abomination.
The large abomination is severely damaged.
The crimson imp blinks!
You block the large abomination's attack.
GONNNNG!
You puncture the large abomination! You squeeze the large abomination.
You destroy the large abomination!
The Council accepts your kill.
A starcursed mass splits.
You block the starcursed mass's attack.
GONNNNG!
You block the starcursed mass's attack.
BOUMMMMG!
A starcursed mass splits.
Your Dodging skill increases to level 13!
Your Shields skill increases to level 15!
Unknown command.
Unknown command.
You hit the starcursed mass but do no damage.
Unknown command.
You hit the starcursed mass.
The starcursed mass is moderately damaged.
The starcursed mass shudders and is absorbed by its neighbour.
A starcursed mass splits.
Unknown command.
You puncture the starcursed mass!
The starcursed mass is moderately damaged.
The starcursed mass shudders and is absorbed by its neighbour.
You block the starcursed mass's attack.
PANG!
The starcursed mass misses you.
A starcursed mass splits.
A cacophony of accursed wailing tears at your sanity!
You suddenly lose the ability to move!
A starcursed mass splits.
The starcursed mass touches you.
* * * LOW HITPOINT WARNING * * *
The starcursed mass completely misses you.
A starcursed mass splits.
A cacophony of accursed wailing tears at your sanity!
* * * LOW HITPOINT WARNING * * *
You shrug off the repeated paralysis!
The starcursed mass touches you!
You die...

▓▓▓▓▓▓▓▓▓▓▓▓▓▓▓▓▓▓▓
▓...8©8.X.▓...8©8...▓
▓..=.:XXX.▓..[[=))..▓
▓..}?:|)X.▓....)))..▓
▓.....x5..▓.........▓
▓.........▓.........▓
▓..xXXXX..▓...[))†..▓
▓..XXXXX..▓....)....▓
▓..§X@X§..▓.▓.....▓.▓
▓.▓§§§X☼▓.▓....©....▓
▓..☼§§☼§..▓▓▓▓▓▓▓▓▓▓▓
▓▓▓▓▓▓▓▓▓▓▓


You could see 12 starcursed masses and a small abomination.

Vanquished Creatures
  A tentacled starspawn (D)
  2 hell hogs (D)
  2 spriggan druids (D)
  A large abomination (D)
  An eye of devastation (D)
  3 efreet (D)
  3 merfolk (D)
  3 hornets (D)
  A slime creature (D)
  A raiju (D)
  A small abomination (D)
  3 spriggans (D)
  4 fire elementals (D)
  3 nagas (D)
  2 water moccasins (D)
  A floating eye (D)
  4 black bears (D)
  2 orc warriors (D)
  2 centaurs (D)
  A crimson imp (D)
  3 jellies (D)
  4 orc priests (D)
  An iron imp (D)
  6 orc wizards (D)
  2 adders (D)
  5 orcs (D)
  A fire vortex (D)
  A starspawn tentacle (D)
64 creatures vanquished.

Vanquished Creatures (others)
  2 starspawn tentacles (D)
2 creatures vanquished.

Grand Total: 66 creatures vanquished

Notes
Turn   | Place    | Note
-------+----------+-------------------------------------------
     0 | D        | HendSelp the Octopode Fighter began the quest for the Orb.
     0 | D        | Reached XP level 1. HP: 16/16 MP: 1/1
     0 | D        | Found a shimmering blue altar of Sif Muna.
     0 | D        | Found a sacrificial altar of Ru.
     0 | D        | Found a bloodstained altar of Trog.
     0 | D        | Found a stormy altar of Qazlal.
     0 | D        | Found an iron altar of Okawaru.
     0 | D        | Found a sparkling altar of Nemelex Xobeh.
     0 | D        | Found a blossoming altar of Fedhas.
     0 | D        | Found the +6 Majin-Bo {vamp, MP+6 Int+6}
     0 | D        | Found the +9 heavy crossbow "Sniper" {vorpal, Acc+∞ SInv}
     0 | D        | Found the +10 dark maul {vorpal}
     0 | D        | Found the +15 Maxwell's patent armour {-Cast -Tele rElec
                  | Will+ rCorr}
     0 | D        | Found the +18 shield of the Gong {rElec rN+ Will+ EV-5}
     0 | D        | Found the +14 obsidian axe {vorpal, Mesm Drain Fly SInv}
     0 | D        | Found the +7 great mace "Firestarter" {inner flame, rF++}
     0 | D        | Found the +6 shillelagh "Devastator" {shatter}
     0 | D        | Found the +11 plutonium sword {Contam Stlth-}
     0 | D        | Found the +8 lance "Wyrmbane" {slay drac, rPois rF+ rC+
                  | AC+3}
     0 | D        | Found the +9 sword of Zonguldrok {reap}
     0 | D        | Found the +13 scythe of Curses {drain, Drain}
     0 | D        | Found the +5 sword of Power {vorpal}
     0 | D        | Found the +7 mace of Variability {chain chaos}
     0 | D        | Found the +7 Singing Sword {vorpal, sonic wave}
     0 | D        | Found the +8 storm bow {elec, penet}
     0 | D        | Banished a spatial maelstrom
     2 | D        | Found a transporter.
     2 | D        | Found an ancient bone altar of Kikubaaqudgha.
     2 | D        | Found a viscous altar of Jiyva.
     2 | D        | Found a corrupted altar of Lugonu.
     2 | D        | Found a hazy altar of Hepliaklqana.
     2 | D        | Found a burning altar of Makhleb.
     2 | D        | Found an opulent altar of Gozag.
    50 | D        | Reached skill level 5 in Short Blades
    50 | D        | Reached skill level 6 in Shields
    50 | D        | Reached XP level 2. HP: 21/21 MP: 2/2
    80 | D        | Became a worshipper of the Wu Jian Council
    94 | D        | Entered arena 2.
    94 | D        | Found the amulet of Vitality {Regen+ HP+15}
    94 | D        | Noticed a centaur
    94 | D        | Noticed a centaur
    94 | D        | Found a transporter.
    99 | D        | Killed a centaur
   100 | D        | Reached skill level 7 in Shields
   100 | D        | Reached XP level 3. HP: 24/27 MP: 3/3
   100 | D        | Reached XP level 4. HP: 30/34 MP: 4/4
   103 | D        | Killed a centaur
   104 | D        | Reached skill level 5 in Fighting
   104 | D        | Reached skill level 5 in Dodging
   104 | D        | Reached XP level 5. HP: 34/39 MP: 5/5
   215 | D        | Entered arena 3.
   215 | D        | Noticed a merfolk
   215 | D        | Noticed a merfolk
   215 | D        | Noticed a merfolk
   215 | D        | Found a transporter.
   226 | D        | Killed a merfolk
   226 | D        | Reached * piety under Wu Jian
   227 | D        | Reached skill level 9 in Shields
   227 | D        | Reached XP level 6. HP: 49/49 MP: 6/6
   230 | D        | Killed a merfolk
   231 | D        | Reached XP level 7. HP: 54/54 MP: 7/7
   238 | D        | Killed a merfolk
   239 | D        | Reached skill level 5 in Stealth
   239 | D        | Reached skill level 10 in Shields
   295 | D        | Entered arena 4.
   295 | D        | Found a transporter.
   297 | D        | Reached ** piety under Wu Jian
   302 | D        | Reached XP level 8. HP: 62/62 MP: 8/8
   330 | D        | Entered arena 5.
   330 | D        | Found the +8 longbow "Zephyr" {speed, Dex+3 SInv}
   330 | D        | Found a transporter.
   335 | D        | Reached *** piety under Wu Jian
   372 | D        | Entered arena 6.
   372 | D        | Found a transporter.
   378 | D        | Reached **** piety under Wu Jian
   379 | D        | Reached skill level 11 in Shields
   393 | D        | Entered arena 7.
   393 | D        | Noticed an eye of devastation
   393 | D        | Noticed a slime creature
   394 | D        | Found a transporter.
   396 | D        | Reached ***** piety under Wu Jian
   405 | D        | Killed a slime creature
   406 | D        | Reached XP level 9. HP: 69/69 MP: 9/9
   410 | D        | Killed an eye of devastation
   411 | D        | Reached skill level 10 in Dodging
   431 | D        | Got the Volume of Fetching Moulding
   465 | D        | Entered arena 8.
   465 | D        | Noticed a hell hog
   465 | D        | Noticed a hell hog
   465 | D        | Noticed an efreet
   465 | D        | Noticed an efreet
   465 | D        | Noticed an efreet
   474 | D        | Reached skill level 10 in Fighting
   477 | D        | Killed an efreet
   478 | D        | Reached skill level 10 in Short Blades
   478 | D        | Reached skill level 12 in Shields
   478 | D        | Reached skill level 1 in Evocations
   480 | D        | Found a transporter.
   480 | D        | Killed an efreet
   480 | D        | Killed a hell hog
   480 | D        | Reached skill level 10 in Stealth
   480 | D        | Reached XP level 10. HP: 64/77 MP: 10/10
   481 | D        | Killed a hell hog
   549 | D        | Entered arena 9.
   549 | D        | Found the +7 captain's cutlass {speed, disarm}
   550 | D        | Found a transporter.
   554 | D        | Reached skill level 13 in Shields
   564 | D        | Reached ****** piety under Wu Jian
   573 | D        | Got the ring "Bink" {+Blink Fly MP+9}
   579 | D        | Got the Collected Works on Nocuous Bewitchment
   639 | D        | Entered arena 10.
   640 | D        | Found a transporter.
   660 | D        | Got the ring "Xophoc" {Fire rElec Will+ rCorr Str+3}
   666 | D        | Got the amulet "Mipsast" {Reflect Harm rElec SH+5}
   686 | D        | Entered arena 11.
   686 | D        | Noticed a spriggan rider
   686 | D        | Noticed a spriggan druid
   686 | D        | Noticed a spriggan rider
   686 | D        | Noticed a spriggan druid
   686 | D        | Noticed a spriggan rider
   687 | D        | Found a transporter.
   690 | D        | Killed a spriggan druid
   694 | D        | Killed a spriggan druid
   699 | D        | Reached XP level 11. HP: 80/83 MP: 11/11
   701 | D        | Reached skill level 14 in Shields
   848 | D        | Entered arena 12.
   848 | D        | Noticed a starcursed mass
   848 | D        | Noticed a starcursed mass
   848 | D        | Noticed a large abomination
   849 | D        | Noticed a tentacled starspawn
   850 | D        | Found a transporter.
   860 | D        | Killed a tentacled starspawn
   866 | D        | Killed a large abomination
   867 | D        | Reached skill level 15 in Shields
   869 | D        | Paralysed by accursed screaming for 2 turns
   870 | D        | Slain by a starcursed mass

Illustrated notes

Levels and vault maps discovered:
D:        sprint_v [room_start, room_1, room_2, room_3, room_4, room_5, room_6,
          room_7, room_8, room_9, room_10, room_11, room_12, room_13, room_14,
          room_15, room_16, room_17, room_18, room_19, room_20, room_21,
          room_22, room_23, room_24, room_25, room_26, room_27]

Skill      XL: |  1  2  3  4  5  6  7  8  9 10 11 |
---------------+----------------------------------+-----
Short Blades   | 5 6 7 8 9 10 12 13 | 13.3
Shields        | 6 7 9 10 11 12 13 15 | 15.0
Fighting       | 4 5 7 8 9 10 11 12 | 12.1
Dodging        | 4 5 7 8 9 10 12 13 | 13.0
Stealth        | 2 4 5 8 10 12 13 | 13.0
Evocations     | 2 3 4 |  4.7

Action                   |  1- 3 |  4- 6 |  7- 9 | 10-12 || total
-------------------------+-------+-------+-------+-------++-------
Melee: Quick blade       |     4 |    14 |    79 |    25 ||   122
       Tentacles         |       |     4 |    27 |    18 ||    49
       Constrict         |       |     2 |    11 |    14 ||    27
       Punch             |       |       |     2 |     1 ||     3
       Cutlass           |       |       |       |    53 ||    53
Invok: Lunge             |       |       |     3 |     4 ||     7
       Serpent's Lash    |       |       |     1 |     2 ||     3
       Heavenly Storm    |       |       |     1 |     1 ||     2
 Abil: Wall Jump         |       |       |     1 |       ||     1
Evoke: Tin of tremorston |       |       |     4 |     5 ||     9
  Use: Potion            |     1 |     2 |     5 |     2 ||    10
 Stab: Invisible         |       |     4 |     1 |       ||     5
Armor: Skin              |     1 |       |     1 |       ||     2
Dodge: Dodged            |     5 |     1 |     4 |    19 ||    29
Block: Buckler           |     3 |     5 |     4 |       ||    12
       Kite shield       |       |       |    22 |    83 ||   105

Table legend: (Time is in decaauts)
 A = Elapsed time spent in this place.
 B = Non-inter-level travel time spent in this place.
 C = Inter-level travel time spent in this place.
 D = Time resting spent in this place.
 E = Time spent auto-exploring this place.
 F = Levels seen in this place.
 G = Mean time per level.
                   A        B        C        D        E       F      G
               +--------+--------+--------+--------+--------+-----+--------+
         Total |    741 |    715 |     26 |    373 |     41 |   1 |  741.0 |
       Dungeon |    741 |    715 |     26 |    373 |     41 |   1 |  741.0 |
               +--------+--------+--------+--------+--------+-----+--------+

Top non-repeatable levels by time:
       D: 741 daAuts
